 Dungeon Crawl Stone Soup version 0.20.1-1-g8b1a95d (webtiles) character file.

80 shitimlost the Vexing (level 4, 0/25 HPs)
             Began as a Kobold Arcane Marksman on Sept 19, 2017.
             Slain by a gnoll
             ... wielding a +0 whip
              (8 damage)
             ... on level 2 of the Dungeon.
             The game lasted 00:08:48 (2555 turns).

shitimlost the Vexing (Kobold Arcane Marksman)      Turns: 2555, Time: 00:08:48

Health: 0/25       AC:  3    Str:  8    XL:     4   Next: 65%
Magic:  2/5        EV: 14    Int: 14    God:
Gold:   98         SH:  0    Dex: 15    Spells: 2/5 levels left

rFire    . . .     SeeInvis .   a - +0 hunting sling
rCold    . . .     Gourm    .   (shield restricted)
rNeg     . . .     Faith    .   j - +0 leather armour
rPois    .         Spirit   .   (no helmet)
rElec    .         Reflect  .   (no cloak)
rCorr    .         Harm     .   (no gloves)
MR       .....                  (no boots)
Stlth    ++........             (no amulet)
Regen    0.1/turn               (no ring)
MPRegen  0.1/turn               (no ring)

@: no status effects
A: carnivore 3
a: no special abilities


You were on level 2 of the Dungeon.
You were full.

You visited 1 branch of the dungeon, and saw 2 of its levels.

You collected 98 gold pieces.

Inventory:

Hand Weapons
 a - a +0 hunting sling (weapon)
 f - a +4 flail
Missiles
 b - 19 stones (quivered)
Armour
 e - a +0 robe
 j - a +0 leather armour (worn)
 l - a +3 ring mail
Jewellery
 m - an uncursed ring of see invisible {unknown}
Scrolls
 n - a scroll of teleportation
Books
 c - a book of Debilitation

   Spells                             Type                      Level
   a - Corona                         Hexes                        1
   b - Slow                           Hexes                        2
   c - Inner Flame                    Hexes/Fire                   3
   d - Portal Projectile              Hexes/Translocation          3
   e - Cause Fear                     Hexes                        4
   f - Leda's Liquefaction            Hexes/Earth                  4


   Skills:
 + Level 1.5 Fighting
 + Level 3.3 Slings
 + Level 0.2 Armour
 + Level 2.6 Dodging
 * Level 1.7 Stealth
 + Level 1.2 Spellcasting
 + Level 3.5 Hexes


You had 2 spell levels left.
You knew the following spells:

 Your Spells              Type           Power        Failure   Level  Hunger
a - Corona                Hex            ##.....      9%          1    ##.....
b - Slow                  Hex            ##......     13%         2    ###....


Dungeon Overview and Level Annotations

Branches:
Dungeon (2/15)

Altars:


Innate Abilities, Weirdness & Mutations

You are small and have problems with some larger weapons.
You are carnivorous and can eat meat at any time.


Message History

Press: ? - help, Shift-Dir - straight line, f/p - gnoll
Aim: a gnoll, wielding a whip (almost dead)
You shoot a stone.
The stone hits the gnoll but does no damage.
The gnoll is almost dead.
The gnoll hits you with a whip!
Firing (i - inventory):
b - 20 stones (quivered)
Press: ? - help, Shift-Dir - straight line, f/p - gnoll
Aim: a gnoll, wielding a whip (almost dead)
You shoot a stone.
The stone hits the gnoll but does no damage.
The gnoll is almost dead.
The gnoll closely misses you.
Casting: Corona
Confirm with . or Enter, or press ? or * to list all spells.
Aiming: Corona
Press: ? - help, Shift-Dir - straight line, f/p - gnoll
Aim: a gnoll, wielding a whip (almost dead, chance to defeat MR: 54%)
The gnoll is outlined in light.
The gnoll hits you with a whip!
You die...

*,* **,******#..## *,* *,*
###..## *,* *,* #......
*,##* #.* #....##
*,,.#######.#######.###
*,,,..##.#*..##..##....
****#.##.#*#.##........ ***
##g##.###.###.######
**.####.(@........#.# *
**.............#..#..# *
**,....##..##.#.#...#.######
*,,...,,#.#......##...†.....
**,.,,,*#.#.....#.##########
**,#####.###.#.#..#...#,*
**#.....# #.#.#.##.#.#,*
#.#######.#.#..#.*.#,*
#.#.(...#.#......*.#,*


You could see a gnoll.

Vanquished Creatures
  3 gnolls
  An adder (D:1)
  3 dart slugs (D:1)
  A leopard gecko (D:1)
  3 giant cockroaches (D:1)
  2 hobgoblins (D:1)
  7 bats (D:1)
  2 frilled lizards (D:1)
  2 goblins (D:1)
  9 kobolds
  7 rats
40 creatures vanquished.

Notes
Turn   | Place    | Note
-------+----------+-------------------------------------------
     0 | D:1      | shitimlost the Kobold Arcane Marksman began the quest for the Orb.
     0 | D:1      | Reached XP level 1. HP: 12/12 MP: 2/2
   106 | D:1      | Reached XP level 2. HP: 16/16 MP: 3/3
   219 | D:1      | Reached XP level 3. HP: 15/20 MP: 4/4
   771 | D:1      | Reached skill level 1 in Stealth
  1202 | D:1      | Learned a level 2 spell: Slow
  1421 | D:1      | Reached XP level 4. HP: 16/25 MP: 5/5
  2555 | D:2      | Slain by a gnoll

Skill      XL: |  1  2  3 |
---------------+----------+-----
Stealth        | 1 |  1.7
Slings         | 3 |  3.3
Fighting       | |  1.5
Armour         | |  0.2
Dodging        | |  2.6
Spellcasting   | |  1.2
Hexes          | |  3.5

Action                   |  1- 3 |  4- 6 || total
-------------------------+-------+-------++-------
 Fire: Hunting sling     |   113 |    51 ||   164
 Cast: Corona            |       |     8 ||     8
  Use: Scroll            |     2 |     4 ||     6
       Potion            |       |     1 ||     1
  Eat: Chunk             |     1 |     3 ||     4
       Meat ration       |       |     1 ||     1
Armor: Robe              |     2 |       ||     2
       Ring mail         |    10 |     3 ||    13
       Leather armour    |       |     3 ||     3
Dodge: Dodged            |    30 |    32 ||    62
